 Dungeon Crawl Stone Soup version 0.30-b1-2-g02819fbbbe (webtiles) character file.

Game seed: 15247784076772922614

109 snakesoul the Shooter (level 5, -2/41 HPs)
             Began as a Human Hunter on May 30, 2023.
             Slain by an adder (3 damage)
             ... on level 3 of the Dungeon.
             The game lasted 00:02:12 (1807 turns).

snakesoul the Shooter (Human Hunter)                Turns: 1807, Time: 00:02:12

Health: -2/41      AC:  3    Str: 12    XL:     5   Next: 13%
Magic:  6/6        EV: 12    Int: 11    God:
Gold:   132        SH:  0    Dex: 16    Spells: 5/6 levels left

rFire   . . .        a - +0 shortbow
rCold   . . .        (shield currently unavailable)
rNeg    . . .        c - +0 leather armour
rPois   .            (no helmet)
rElec   .            (no cloak)
rCorr   .            (no gloves)
SInv    .            (no boots)
Will    .....        (no amulet)
Stlth   ++           (no ring)
HPRegen 0.26/turn    (no ring)
MPRegen 0.10/turn

%: no passive effects
@: lethally poisoned (-2 -> -4)
A: no striking features
a: no special abilities


You were on level 3 of the Dungeon.
You visited 1 branch of the dungeon, and saw 3 of its levels.

You collected 132 gold pieces.

Inventory:

Hand Weapons
 a - a +0 shortbow (weapon)
Armour
 c - a +0 leather armour (worn)
Scrolls
 b - a scroll of immolation
 d - 4 scrolls of amnesia {unknown}
 g - a scroll of teleportation {unknown}
 i - 2 scrolls of noise {unknown}
 j - 3 scrolls of identify {unknown}
 m - a scroll of poison {unknown}
 p - a scroll of enchant armour {unknown}
 q - a scroll of fear {unknown}
Potions
 e - 2 potions of brilliance {unknown}
 f - 2 potions of mutation {unknown}
 h - a potion of haste {unknown}
 k - a potion of attraction {unknown}
 l - a potion of lignification {unknown}
 n - a potion of invisibility {unknown}
 o - a potion of flight {unknown}
 r - a potion of heal wounds {unknown}
 s - a potion of curing {unknown}
 t - a potion of magic {unknown}


   Skills:
 + Level 3.0 Fighting
 + Level 4.7 Ranged Weapons
 - Level 2.3 Dodging
 - Level 1.0 Stealth
 + Level 1.2 Spellcasting
 + Level 1.5 Earth Magic


You had 5 spell levels left.
You knew the following spells:

 Your Spells              Type           Power      Damage    Failure   Level
a - Sandblast             Erth           8%         2d5       22%         1

Your spell library contained the following spells:

 Spells                   Type           Power      Damage    Failure   Level
 Passwall                 Tmut/Erth      1%         N/A       41%         2
 Blink                    Tloc           0%         N/A       52%         2
 Stone Arrow              Conj/Erth      4%         3d7       65%         3
 Inner Flame              Hex/Fire       0%         N/A       77%         3
 Flame Wave               Conj/Fire      0%         2d4       99%         4
 Manifold Assault         Tloc           0%         N/A       99%         4
 Sticky Flame             Conj/Fire      0%         2d3       99%         4
 Storm Form               Tmut/Air       0%         N/A       100%        7


Dungeon Overview and Level Annotations

Branches:
Dungeon (3/15)

Altars:


Message History

An adder comes into view.
You shoot an arrow. The adder hisses angrily.
The arrow hits the orc.
You kill the orc!
The orc priest hits you with a +1 hand axe of venom.
Your Fighting skill increases to level 3!
You shoot an arrow.
The arrow hits the orc priest but does no damage.
The orc priest barely misses you. The goblin hits you with a +0 club.
You shoot an arrow.
The arrow closely misses the orc priest.
The arrow closely misses the orc.
The arrow hits the orc.
The orc is moderately wounded.
The adder bites you but does no damage.
The orc priest mumbles some strange prayers to Beogh against you.
Beogh smites you!
* * * LOW HITPOINT WARNING * * *
The goblin hits you but does no damage. The adder bites you.
* * * LOW HITPOINT WARNING * * *
The goblin hits you with a +0 club.
* * * LOW HITPOINT WARNING * * *
You are too injured to fight recklessly!
You are too injured to fight recklessly!
You are too injured to fight recklessly!
You are too injured to fight recklessly!
Unknown command.
You shoot an arrow. The arrow hits the orc!
You kill the orc!
The adder bites you.
* * * LOW HITPOINT WARNING * * *
You are lethally poisoned!
The adder poisons you! The goblin hits you but does no damage.
The adder bites you but does no damage.
Unknown command.
You shoot an arrow. The arrow hits the orc priest.
The orc priest is lightly wounded.
* * * LOW HITPOINT WARNING * * *
You feel sick. The adder bites you.
You die...

#....###.....# #....#
##....# ..... #...†.
#...# ####.#
#...########.#
#.........##.#
######...#####.##.#
...#.#g.............##.#
.....oo@............##)#
....o#S)............##.#
... ####.......##..##.#
# #.#.............
#.#...#.#####...
#.#...#.# #.#. #.#...#.#
#... .......# ####
.....#### #


You could see an orc priest, an adder, 2 orcs and a goblin.

Vanquished Creatures
  An orc priest (D:2)
  2 adders (D:2)
  A worm (D:2)
  2 dart slugs
  6 orcs
  9 endoplasms
  6 giant cockroaches
  3 goblins
  A hobgoblin (D:1)
  2 quokkas (D:1)
  4 ball pythons
  2 bats
  3 frilled lizards
  2 kobolds
  2 rats
46 creatures vanquished.

Notes
Turn   | Place    | Note
-------+----------+-------------------------------------------
     0 | D:1      | snakesoul the Human Hunter began the quest for the Orb.
     0 | D:1      | Reached XP level 1. HP: 16/16 MP: 1/1
   258 | D:1      | Reached XP level 2. HP: 22/22 MP: 2/2
   345 | D:1      | Found a faded altar of an unknown god.
   701 | D:2      | Learned a level 1 spell: Sandblast
   708 | D:2      | Reached XP level 3. HP: 26/28 MP: 3/3
   832 | D:2      | Reached XP level 4. HP: 22/34 MP: 3/5
   892 | D:2      | Reached skill level 1 in Earth Magic
   991 | D:2      | Reached skill level 1 in Spellcasting
  1606 | D:3      | Reached XP level 5. HP: 40/40 MP: 6/6
  1807 | D:3      | HP: 1/41 [poisoned by an adder]
  1807 | D:3      | Slain by an adder

Illustrated notes

Levels and vault maps discovered:
D:1:      dpeg_arrival_round_c, layout_loops_ring,
          ebering_ecumenical_altar_mist, minmay_misc_feat_rows, glass_columns_c,
          nrook_campfire
D:2:      layout_basic
D:3:      layout_loops_cross

Skill      XL: |  1  2  3  4  5 |
---------------+----------------+-----
Earth Magic    | 1 |  1.5
Spellcasting   | 1 |  1.2
Fighting       | 3 |  3.0
Ranged Weapons | |  4.7
Dodging        | |  2.3
Stealth        | |  1.0

Action                     |  1- 3 |  4- 6 || total
---------------------------+-------+-------++-------
   Fire: Shortbow          |    57 |    99 ||   156
 Armour: Leather armour    |     8 |    15 ||    23
  Dodge: Dodged            |    12 |    30 ||    42
